 Dungeon Crawl Stone Soup version 0.29-a0-557-g43b9904bd1 (webtiles) character file.

Game seed: 9898603229421445568

255 siradein the Sneak (level 5, -22/32 HPs)
             Began as a Vampire Brigand on June 8, 2022.
             Annihilated by an ogre
             ... wielding a +0 giant club
              (26 damage)
             ... on level 4 of the Dungeon.
             The game lasted 00:07:01 (2911 turns).

siradein the Sneak (Vampire Brigand)                Turns: 2911, Time: 00:07:01

Health: -22/32     AC:  6    Str: 10    XL:     5   Next: 91%
Magic:  5/5        EV: 12    Int: 15    God:
Gold:   196        SH:  0    Dex: 16    Spells: 4/4 levels left

rFire   . . .      SeeInvis +   p - +0 short sword (vamp)
rCold   + + .      Faith    .   (no shield)
rNeg    + + +      Spirit   .   A - +0 leather armour
rPois   ∞          Reflect  .   (no helmet)
rElec   .          Harm     .   c - +0 cloak
rCorr   .          Rampage  .   l - +0 pair of gloves
Will    +....                   u - +0 pair of boots
Stlth   +++++.....              (no amulet)
HPRegen 0.00/turn               b - ring of willpower
MPRegen 0.09/turn               (no ring)

@: bloodless, inhibited regen
A: bloodless, fangs 3, see invisible, vampiric 2
a: Bat Form, Revivify


You were on level 4 of the Dungeon.
You visited 1 branch of the dungeon, and saw 4 of its levels.

You collected 196 gold pieces.

Inventory:

Hand Weapons
 a - a +2 dagger
 p - a +0 vampiric short sword (weapon)
Missiles
 d - 11 poisoned darts (quivered)
 e - 3 curare-tipped darts
Armour
 c - a +0 cloak (worn)
 l - a +0 pair of gloves (worn)
 u - a +0 pair of boots (worn)
 A - a +0 leather armour (worn)
Jewellery
 b - a ring of willpower (left hand)
 n - a ring of wizardry
 w - a ring of magical power
Scrolls
 i - a scroll of enchant weapon {unknown}
 m - 2 scrolls of teleportation
 o - a scroll of silence {unknown}
 q - a scroll of brand weapon {unknown}
 r - 2 scrolls of amnesia {unknown}
 s - 2 scrolls of magic mapping {unknown}
 t - a scroll of fear {unknown}
 v - a scroll of blinking {unknown}
 y - a scroll of acquirement {unknown}
Potions
 f - 2 potions of brilliance {unknown}
 g - 2 potions of attraction {unknown}
 h - 2 potions of degeneration {unknown}
 j - a potion of might {unknown}
 k - a potion of curing {unknown}
 x - a potion of cancellation {unknown}
 z - a potion of heal wounds {unknown}


   Skills:
 + Level 2.9 Fighting
 + Level 3.6 Short Blades
 + Level 2.6 Throwing
 + Level 3.0 Dodging
 + Level 7.1 Stealth


You had 4 spell levels left.
You didn't know any spells.
Your spell library contained the following spells:

 Spells                   Type           Power      Damage    Failure   Level
 Ozocubu's Armour         Ice            0%         N/A       73%         3
 Ozocubu's Refrigeration  Ice            0%         4d5       100%        7


Dungeon Overview and Level Annotations

Branches:
Dungeon (4/15)
 Temple: D:4-7

Altars:

Shops:
D:1 *


Innate Abilities, Weirdness & Mutations

You do not regenerate when monsters are visible.
You are frail without blood (-20% HP).
You can heal yourself when you bite living creatures.
You are immune to poison.
You have razor-sharp teeth.
You have supernaturally acute eyesight. (SInv)
You are afflicted with vampirism and can become a bat while bloodless.


Message History

d - 14 poisoned darts (gained 5)
An ogre comes into view. It is wielding a +0 giant club.
Items here: ( )) [ ††.
Found 25 stones.
The ogre shouts!
You throw a poisoned dart.
The poisoned dart barely misses the ogre.
You throw a poisoned dart. The poisoned dart hits the ogre!
The ogre is poisoned.
You throw a poisoned dart. The poisoned dart hits the ogre.
The ogre looks even sicker.
The ogre is lightly wounded.
You closely miss the ogre.
The ogre is lightly wounded.
The ogre closely misses you.
You hit the ogre but do no damage.
The ogre is lightly wounded.
You barely miss the ogre.
The ogre is lightly wounded.
The ogre barely misses you.
You hit the ogre.
You feel better.
You bite the ogre.
You draw the ogre's blood!
The ogre is moderately wounded.
The ogre hits you with a +0 giant club!
You hit the ogre.
You feel better.
The ogre is moderately wounded.
You hit the ogre.
You feel better.
The ogre is heavily wounded.
The ogre hits you with a +0 giant club!!
Ouch! That really hurt!
* * * LOW HITPOINT WARNING * * *
You are too injured to fight recklessly!
You are too injured to fight recklessly!
You are too injured to fight recklessly!
You are too injured to fight recklessly!
You hit the ogre but do no damage.
The ogre is almost dead.
The ogre hits you with a +0 giant club!!
Ouch! That really hurt!
You die...

######### ### ###..##.#..
##...#...####.####.#........
##........#.......#.......##.
#......##...............#.#<.
#.......#.......###.....#..#.
##..............# #...#....##
#...........##..# #†..#......
###..........##.###.....#....
#...........@...........##...
##..#....####O.###...........
##.##........## #....#......
######...O..>####...###....
##........#.....##.....
#............ .....#..
#####............. .....###
#.#.......#.#..... .###. #
##........####..... #.


You could see an ogre (poisoned).

Vanquished Creatures
  A hound (D:2)
  An orc priest (D:3)
  3 gnolls (D:3)
  8 adders
  2 worms (D:2)
  2 dart slugs
  6 orcs
  6 ball pythons
  4 bats
  11 endoplasms
  2 giant cockroaches
  4 goblins
  12 hobgoblins
  2 jackals (D:1)
  A quokka (D:3)
  6 frilled lizards
  5 kobolds
  8 rats
84 creatures vanquished.

Notes
Turn   | Place    | Note
-------+----------+-------------------------------------------
     0 | D:1      | siradein the Vampire Brigand began the quest for the Orb.
     0 | D:1      | Reached XP level 1. HP: 16/16 MP: 1/1
    27 | D:1      | Found a faded altar of an unknown god.
   164 | D:1      | Reached skill level 6 in Stealth
   168 | D:1      | Reached XP level 2. HP: 17/17 MP: 2/2
   709 | D:1      | Found Tiucasel's Assorted Antiques.
   780 | D:1      | Gained mutation: You are afflicted with vampirism and can
                  | become a bat while bloodless. [Vampire growth]
   780 | D:1      | Reached XP level 3. HP: 21/21 MP: 3/3
  1105 | D:2      | Reached XP level 4. HP: 27/27 MP: 4/4
  1594 | D:2      | Reached XP level 5. HP: 21/31 MP: 5/5
  2249 | D:2      | Reached skill level 7 in Stealth
  2406 | D:3      | You fall into a shaft and drop 1 floor!
  2881 | D:4      | Noticed an ogre
  2911 | D:4      | Annihilated by an ogre

Illustrated notes

Levels and vault maps discovered:
D:1:      eino_arrival_water_cross, layout_basic, serial_shops,
          nicolae_shop_behind_doors, hellmonk_ecumenical_altar_lost_god,
          kennysheep_another_room
D:2:      layout_basic
D:3:      layout_rooms, serial_curves, eino_curves_03, eino_curves_04
D:4:      layout_cave_pools, mrwooster_statue_mirror, uniq_menkaure

Skill      XL: |  1  2  3  4  5 |
---------------+----------------+-----
Stealth        | 6 7 |  7.1
Fighting       | 2 |  2.9
Throwing       | 2 |  2.6
Dodging        | 2 3 |  3.0
Short Blades   | 3 |  3.6

Action                   |  1- 3 |  4- 6 || total
-------------------------+-------+-------++-------
Melee: Dagger            |    64 |    26 ||    90
       Bite              |     3 |    22 ||    25
       Punch             |     1 |     2 ||     3
       Short sword       |       |   150 ||   150
Throw: Dart              |       |     4 ||     4
 Abil: Exsanguinate      |     1 |       ||     1
  Use: Scroll            |       |     1 ||     1
 Stab: Sleeping          |    14 |    16 ||    30
Armor: Robe              |    16 |    29 ||    45
       Leather armour    |       |    15 ||    15
Dodge: Dodged            |    36 |    97 ||   133

Table legend: (Time is in decaauts)
 A = Elapsed time spent in this place.
 B = Non-inter-level travel time spent in this place.
 C = Inter-level travel time spent in this place.
 D = Time resting spent in this place.
 E = Time spent auto-exploring this place.
 F = Levels seen in this place.
 G = Mean time per level.
                   A        B        C        D        E       F      G
               +--------+--------+--------+--------+--------+-----+--------+
         Total |   2889 |   2809 |     80 |     42 |   2024 |   4 |  722.2 |
       Dungeon |   2889 |   2809 |     80 |     42 |   2024 |   4 |  722.2 |
               +--------+--------+--------+--------+--------+-----+--------+

Top non-repeatable levels by time:
     D:2: 1105 daAuts
     D:1: 891 daAuts
     D:3: 717 daAuts
     D:4: 175 daAuts
